 Dungeon Sprint DCSS version 0.31-a0-920-g28cbb04a8c (webtiles) character file.

Game seed: 11360725700650785307

15749 sircluck the Brawler (level 12, -14/143 HPs)
             Began as a Troll Berserker on Oct 17, 2023.
             Was a High Priest of Trog.
             Demolished by a black draconian knight
             ... wielding a +2 glaive
              (27 damage)
             ... in the Dungeon (Sprint VII: "The Pits").
             The game lasted 00:05:10 (1751 turns).

sircluck the Brawler (Troll Berserker)              Turns: 1751, Time: 00:05:11

Health: -14/143    AC:  5    Str: 32    XL:     12   Next: 4%
Magic:  11/11      EV: 16    Int:  6    God:    Trog [*****.]
Gold:   64         SH:  0    Dex: 12    Spells: 11/11 levels left

rFire   . .          .
                       - Unarmed
rCold   . . .        (no shield)
rNeg    . . .        a - +0 animal skin
rPois   .            (helmet restricted)
rElec   .            m - +0 cloak
rCorr   .            (gloves unavailable)
SInv    .            (boots unavailable)
Will    .....        (no amulet)
Stlth   +            k - +3 ring of dexterity
HPRegen 1.23/turn    l - +3 ring of intelligence
MPRegen 0.12/turn

%: no teleportation
@: on berserk cooldown
A: large, unfitting armour, claws 3, regeneration 1, shaggy fur 1, tough skin 1
a: Renounce Religion, Berserk, Trog's Hand, Brothers in Arms


You were in the Dungeon.
You worshipped Trog.
Trog was extremely pleased with you.
You visited 1 branch You collected 64 gold pieces.

Inventory:

Missiles
 g - 3 throwing nets
Armour
 a - a +0 animal skin (worn)
 m - a +0 cloak (worn)
Jewellery
 k - a +3 ring of dexterity (left claw)
 l - a +3 ring of intelligence (right claw)
 o - a ring of protection from fire
 p - a ring of poison resistance
Scrolls
 i - 3 scrolls of vulnerability
 j - a scroll of butterflies
 n - a scroll of immolation
 q - a scroll of fog
 r - 4 scrolls of blinking
 t - 2 scrolls of enchant weapon
 u - 3 scrolls of identify
 v - a scroll of fear
 w - 2 scrolls of enchant armour
Potions
 b - 9 potions of curing
 c - 18 potions of heal wounds
 d - 2 potions of haste
 e - 4 potions of magic
 f - 3 potions of berserk rage
 h - 2 potions of invisibility
 s - a potion of resistance
 x - a potion of might


   Skills:
 + Level 15.5 Fighting
 + Level 15.3 Dodging
 + Level 18.0 Unarmed Combat


You had 11 spell levels left.
You didn't know any spells.
Your spell library was empty.

Dungeon Overview and Level Annotations

Branches:
Dungeon (1/1)

Altars:
Ashenzari
Cheibriados
Dithmenos
Elyvilon
Fedhas
Gozag
Hepliaklqana
Kikubaaqudgha
Makhleb
Nemelex Xobeh
Okawaru
Qazlal
Ru
Sif Muna
Trog
Uskayaw
Vehumet
Wu Jian
Xom
Yredelemnul
Zin
The Shining One
Jiyva
Lugonu


Innate Abilities, Weirdness & Mutations

You are too large for most types of armour.
You have claws for hands.
Your natural rate of healing is unusually fast.
You are covered in fur. (AC +1)
You have tough skin. (AC +1)


Message History

Your deep troll misses something.
Your deep troll closely misses something.
Your deep troll bites something!!
Your deep troll claws something but does no damage.
Your deep troll barely misses something.
Something hits your deep troll!!
Your deep troll misses something.
Your deep troll closely misses something.
Your deep troll misses something.
Your deep troll closely misses something.
Your deep troll claws something!
Your deep troll closely misses something.
You hear some strange, mumbled words.
A shard of ice appears from out of thin air!
The shard of ice hits your deep troll!!!
Your deep troll dies!
Your deep troll's corpse disappears in a puff of smoke!
Unknown command.
Unknown command.
Your troll goes berserk!
A bolt of lightning appears from out of thin air!
The bolt of lightning misses you. The bolt of lightning hits your troll!!
You hear some strange, mumbled words.
A shard of ice appears from out of thin air!
The shard of ice misses you. The shard of ice hits your troll!!!
You swap places.
Something hits you.
A bolt of lightning appears from out of thin air!
The bolt of lightning hits your troll!!
Your troll dies!
Your troll's corpse disappears in a puff of smoke!
The bolt of lightning misses you. Something barely misses you.
You're still recovering from your berserk rage.
Your ogre goes berserk!
Something hits you!!
* * * LOW HITPOINT WARNING * * *
You feel yourself speed up. Something hits you!
* * * LOW HITPOINT WARNING * * *
Something hits you!!
You die...

#################+#
..................#
.....).........)..#
++##############..#
#..# #..# #@.# #{O#
#..# #..# #..# #..#
#..# #''# #''#


You could see a friendly ogre (summoned, berserk).

Vanquished Creatures
  Arachne (D)
  A boulder beetle (D)
  A demonic crawler (D)
  A sea snake (D)
  A deep elf zephyrmancer (D)
  A manticore (D)
  2 gargoyles (D)
  A cane toad (D)
  A molten gargoyle (D)
  An unseen horror (D)
  A komodo dragon (D)
  A freezing wraith (D)
  A guardian mummy (D)
  An efreet (D)
  A hornet (D)
  A red devil (D)
  A snapping turtle (D)
  A flying skull (D)
  A ynoxinul (D)
  5 yaks (D)
  A jumping spider (D)
  2 spriggans (D)
  A redback (D)
  Menkaure (D)
  A neqoxec (D)
  A warg (D)
  An acid dragon (D)
  A sky beast (D)
  An orc warrior (D)
  An ogre (D)
  2 small abominations (D)
  3 scorpions (D)
  7 wights (D)
  A crimson imp (D)
  A jelly (D)
  2 orc wizards (D)
  A gnoll (D)
  A river rat (D)
  6 orcs (D)
  2 ball pythons (D)
  A bat skeleton (D)
  An endoplasm (D)
  A giant cockroach (D)
  A hobgoblin (D)
  7 jackals (D)
  A quokka (D)
  2 frilled lizards (D)
76 creatures vanquished.

Vanquished Creatures (collateral kills)
  An eidolon (D)
  Harold (D)
  A demonic crawler (D)
  A bog body (D)
  An orc knight (D)
  A necromancer (D)
  A smoke demon (D)
  An ice devil (D)
  A red devil (D)
  A merfolk (D)
  4 dream sheep (D)
  A vampire (D)
  3 orc warriors (D)
  A wolf (D)
  A gnoll bouda (D)
  3 gnolls (D)
  An adder skeleton (D)
  A worm (D)
  A bat skeleton (D)
  A ball python zombie (D)
  A bat simulacrum (D)
28 creatures vanquished.

Vanquished Creatures (others)
  A goblin (D)
1 creature vanquished.

Grand Total: 105 creatures vanquished

Notes
Turn   | Place    | Note
-------+----------+-------------------------------------------
     0 | D        | sircluck the Troll Berserker began the quest for the Orb.
     0 | D        | Reached XP level 1. HP: 22/22 MP: 0/0
    13 | D        | Noticed a scorpion
    17 | D        | Killed a scorpion
    18 | D        | Reached skill level 5 in Unarmed Combat
    18 | D        | Reached XP level 2. HP: 16/32 MP: 1/1
    18 | D        | Reached XP level 3. HP: 20/39 MP: 2/2
    22 | D        | Found a bloodstained altar of Trog.
    22 | D        | Found a shimmering blue altar of Sif Muna.
    22 | D        | Found a viscous altar of Jiyva.
    22 | D        | Found a hazy altar of Hepliaklqana.
    22 | D        | Found an opulent altar of Gozag.
    23 | D        | Found a glowing golden altar of the Shining One.
    23 | D        | Found a glowing silver altar of Zin.
    23 | D        | Found a basalt altar of Yredelemnul.
    23 | D        | Found a shimmering altar of Xom.
    23 | D        | Found an ornate altar of the Wu Jian Council.
    23 | D        | Found a sacrificial altar of Ru.
    23 | D        | Found a stormy altar of Qazlal.
    23 | D        | Found an iron altar of Okawaru.
    23 | D        | Found a sparkling altar of Nemelex Xobeh.
    23 | D        | Found a burning altar of Makhleb.
    23 | D        | Found a blossoming altar of Fedhas.
    23 | D        | Found a white marble altar of Elyvilon.
    23 | D        | Found a shadowy altar of Dithmenos.
    23 | D        | Found a snail-covered altar of Cheibriados.
    27 | D        | Found a corrupted altar of Lugonu.
    27 | D        | Found a radiant altar of Vehumet.
    28 | D        | Found a broken altar of Ashenzari.
    28 | D        | Found an ancient bone altar of Kikubaaqudgha.
    28 | D        | Found a hide-covered altar of Uskayaw.
    69 | D        | Noticed a scorpion
    71 | D        | Killed a scorpion
    71 | D        | Reached ** piety under Trog
    72 | D        | Reached skill level 5 in Fighting
    72 | D        | Reached skill level 5 in Dodging
    72 | D        | Reached skill level 6 in Unarmed Combat
    72 | D        | Reached XP level 4. HP: 30/50 MP: 3/3
    85 | D        | Reached *** piety under Trog
   100 | D        | Noticed a scorpion
   110 | D        | Killed a scorpion
   111 | D        | Reached skill level 7 in Unarmed Combat
   111 | D        | Reached XP level 5. HP: 21/59 MP: 4/4
   112 | D        | Reached **** piety under Trog
   205 | D        | Noticed a warg
   206 | D        | Noticed an orc warrior
   222 | D        | Killed an orc warrior
   223 | D        | Reached skill level 8 in Unarmed Combat
   223 | D        | Reached XP level 6. HP: 52/71 MP: 5/5
   234 | D        | Killed a warg
   234 | D        | Reached ***** piety under Trog
   235 | D        | Reached skill level 9 in Unarmed Combat
   239 | D        | Received a gift from Trog
   240 | D        | Reached XP level 7. HP: 42/79 MP: 6/6
   266 | D        | Identified the +7 glaive of Malum Prohibitum {heavy, Dex+4}
                  | (Trog gifted it to you in the Dungeon)
   266 | D        | Received a gift from Trog
   335 | D        | Noticed a yak
   338 | D        | Killed a yak
   339 | D        | Reached skill level 10 in Unarmed Combat
   341 | D        | Noticed a red devil
   341 | D        | Noticed a bog body
   347 | D        | Killed a red devil
   348 | D        | Reached XP level 8. HP: 28/92 MP: 7/7
   348 | D        | Killed a bog body
   349 | D        | Reached skill level 11 in Unarmed Combat
   409 | D        | Noticed a flying skull
   410 | D        | Noticed Menkaure
   412 | D        | Killed a flying skull
   413 | D        | Reached skill level 10 in Fighting
   413 | D        | Reached skill level 10 in Dodging
   417 | D        | Killed Menkaure
   484 | D        | Reached skill level 12 in Unarmed Combat
   484 | D        | Reached XP level 9. HP: 72/102 MP: 8/8
   484 | D        | Received a gift from Trog
   497 | D        | Reached ****** piety under Trog
   503 | D        | Received a gift from Trog
   728 | D        | Killed an unseen horror
   729 | D        | Reached skill level 13 in Unarmed Combat
   820 | D        | Noticed a demonic crawler
   829 | D        | Killed a demonic crawler
   892 | D        | Identified the +6 short sword of Reason {flame, Str+3
                  | Dex+2} (Trog gifted it to you in the Dungeon)
   892 | D        | Received a gift from Trog
   909 | D        | Noticed a guardian mummy
   909 | D        | Noticed a gargoyle
   920 | D        | Killed a guardian mummy
   921 | D        | Reached XP level 10. HP: 37/115 MP: 9/9
   924 | D        | Killed a gargoyle
   925 | D        | Reached skill level 14 in Unarmed Combat
  1006 | D        | Received a gift from Trog
  1014 | D        | Noticed a molten gargoyle
  1025 | D        | Killed a molten gargoyle
  1041 | D        | Noticed a deep elf zephyrmancer
  1045 | D        | Killed a deep elf zephyrmancer
  1045 | D        | Received a gift from Trog
  1099 | D        | Noticed a demonic crawler
  1101 | D        | Noticed a necromancer
  1110 | D        | Killed a demonic crawler
  1111 | D        | Reached skill level 15 in Unarmed Combat
  1111 | D        | Received a gift from Trog
  1113 | D        | Killed a necromancer
  1137 | D        | Noticed a smoke demon
  1138 | D        | Noticed an orc knight
  1138 | D        | Received a gift from Trog
  1139 | D        | Noticed a sea snake
  1142 | D        | Noticed an eidolon
  1146 | D        | Noticed Harold
  1149 | D        | Killed a sea snake
  1150 | D        | Reached XP level 11. HP: 84/127 MP: 10/10
  1157 | D        | Killed an orc knight
  1158 | D        | Reached skill level 16 in Unarmed Combat
  1159 | D        | Killed an eidolon
  1159 | D        | Received a gift from Trog
  1160 | D        | Killed Harold
  1528 | D        | Noticed a spriggan rider
  1530 | D        | Received a gift from Trog
  1533 | D        | Killed a spriggan rider
  1534 | D        | Reached skill level 17 in Unarmed Combat
  1578 | D        | Noticed Arachne
  1605 | D        | Killed Arachne
  1606 | D        | Reached skill level 15 in Fighting
  1606 | D        | Reached skill level 15 in Dodging
  1708 | D        | Noticed a boulder beetle
  1714 | D        | Received a gift from Trog
  1718 | D        | Killed a boulder beetle
  1719 | D        | Reached XP level 12. HP: 143/143 MP: 11/11
  1723 | D        | Reached skill level 18 in Unarmed Combat
  1732 | D        | Noticed a black draconian knight
  1751 | D        | Demolished by a black draconian knight

Illustrated notes

Levels and vault maps discovered:
D:        pitsprint [storerooms_1, entrance_room_1, metal_vault_7, armoury_1,
          mini_pit_1, grid_room_1, main_hall_1, silver_pit, the_coven_3,
          the_vestibule_1, steel_vault_3, golden_pit, hallway_of_sentries,
          crystal_vault_1, iron_vault_1, final_vault]

Skill      XL: |  1  2  3  4  5  6  7  8  9 10 11 12 |
---------------+-------------------------------------+-----
Fighting       | 4 5 6 7 9 10 11 13 15 | 15.5
Dodging        | 4 5 6 7 9 10 11 13 15 | 15.3
Unarmed Combat | 5 6 7 8 9 10 12 13 15 17 18 | 18.0

Action                     |  1- 3 |  4- 6 |  7- 9 | 10-12 || total
---------------------------+-------+-------+-------+-------++-------
  Melee: Unarmed           |     6 |    47 |    77 |    81 ||   211
         Punch             |       |     2 |     3 |     9 ||    14
 Invoke: Brothers in Arms  |       |       |     1 |     7 ||     8
         Berserk           |       |       |     3 |     4 ||     7
    Use: Potion            |       |     1 |     1 |     3 ||     5
         Scroll            |       |       |       |     1 ||     1
   Stab: Sleeping          |       |       |     1 |       ||     1
 Armour: Animal skin       |     7 |    36 |    77 |    67 ||   187
  Dodge: Dodged            |     2 |    31 |    42 |    55 ||   130

Table legend: (Time is in decaauts)
 A = Elapsed time spent in this place.
 B = Non-inter-level travel time spent in this place.
 C = Inter-level travel time spent in this place.
 D = Time resting spent in this place.
 E = Time spent auto-exploring this place.
 F = Levels seen in this place.
 G = Mean time per level.
                   A        B        C        D        E       F      G
               +--------+--------+--------+--------+--------+-----+--------+
         Total |   1777 |   1777 |      0 |    662 |    487 |   1 | 1777.0 |
       Dungeon |   1777 |   1777 |      0 |    662 |    487 |   1 | 1777.0 |
               +--------+--------+--------+--------+--------+-----+--------+

Top non-repeatable levels by time:
       D: 1777 daAuts
